 Dungeon Crawl Stone Soup version 0.31-a0-986-g5e6e4ef867 (webtiles) character file.

Game seed: 14092003315717976438

62 gelatine the Trooper (level 3, -6/29 HPs)
             Began as a Demonspawn Fighter on Nov 21, 2023.
             Mangled by Crazy Yiuf
             ... wielding a +2 quarterstaff of chaos
              (9 damage)
             ... on level 2 of the Dungeon.
             The game lasted 00:03:41 (1762 turns).

gelatine the Trooper (Demonspawn Fighter)           Turns: 1762, Time: 00:03:43

Health: -6/29      AC:  5    Str: 18    XL:     3   Next: 85%
Magic:  3/3        EV: 15    Int: 15    God:
Gold:   68         SH:  4    Dex: 12    Spells: 2/2 levels left

rFire   . . .        a - +0 war axe
rCold   . . .        c - +0 buckler
rNeg    . . .        j - +0 ring mail
rPois   .            (no helmet)
rElec   .            (no cloak)
rCorr   .            (no gloves)
SInv    .            (no boots)
Will    .....        (no amulet)
Stlth   +            p - +6 ring of intelligence
HPRegen 0.24/turn    t - +5 ring of evasion
MPRegen 0.08/turn

%: no passive effects
@: mighty, lethally poisoned (-6 -> -10)
A: powered by death 1
a: no special abilities


You were on level 2 of the Dungeon.
You visited 1 branch of the dungeon, and saw 2 of its levels.

You collected 68 gold pieces.

Inventory:

Hand Weapons
 a - a +0 war axe (weapon)
Armour
 b - a +0 scale mail
 c - a +0 buckler (worn)
 j - a +0 ring mail (worn)
Jewellery
 p - a +6 ring of intelligence (left hand)
 t - a +5 ring of evasion (right hand)
Scrolls
 f - a scroll of silence {unknown}
 h - a scroll of fog {unknown}
 k - a scroll of noise {unknown}
 m - a scroll of identify {unknown}
 n - a scroll of teleportation {unknown}
 o - a scroll of fear {unknown}
 q - a scroll of acquirement {unknown}
 s - 3 scrolls of blinking {unknown}
 u - a scroll of poison {unknown}
Potions
 e - a potion of heal wounds {unknown}
 g - 2 potions of curing {unknown}
 i - a potion of magic {unknown}
 l - a potion of invisibility {unknown}
 r - a potion of berserk rage {unknown}


   Skills:
 + Level 3.2 Fighting
 + Level 2.5 Axes
 + Level 3.1 Armour
 * Level 1.3 Dodging
 + Level 3.0 Shields


You had 2 spell levels left.
You didn't know any spells.
Your spell library contained the following spells:

 Spells                   Type           Power      Damage    Failure   Level
 Necrotise                Necr           0%         1d4       52%         1
 Slow                     Hex            0%         N/A       52%         1
 Lesser Beckoning         Tloc           0%         N/A       65%         2
 Confusing Touch          Hex            0%         N/A       87%         3
 Gell's Gravitas          Tloc           0%         N/A       87%         3
 Sigil of Binding         Hex            0%         N/A       87%         3
 Teleport Other           Tloc           0%         N/A       87%         3
 Vampiric Draining        Necr           0%         2d6       87%         3
 Agony                    Necr           0%         N/A       100%        5


Dungeon Overview and Level Annotations

Branches:
Dungeon (2/15)

Altars:

Annotations:
D:2 Crazy Yiuf


Innate Abilities, Weirdness & Mutations

You regenerate a little health from kills.


Message History

The ball python constricts you.
You closely miss the ball python. The ball python completely misses you.
The ball python constricts you. The ball python bites you.
The ball python constricts you.
You slash the ball python!
You kill the ball python!
You see here a +0 dagger.
You see here a +0 hammer.
You see here a +0 hammer.
You see here a +0 hammer.
You see here a +0 hammer.
Crazy Yiuf shouts!
Crazy Yiuf screams, "Proton arm shrimp!"
You see here a +0 hammer.
You feel very mighty all of a sudden.
You open the door.
Crazy Yiuf cries, "Two toodlewoodle chair!"
You slash Crazy Yiuf!
Crazy Yiuf is severely wounded.
Crazy Yiuf hits you with a +2 quarterstaff of chaos.
You are poisoned.
Crazy Yiuf barely misses you.
You completely miss Crazy Yiuf.
Crazy Yiuf is severely wounded.
You feel very sick.
Crazy Yiuf hits you with a +2 quarterstaff of chaos!
Crazy Yiuf freezes you.
You hit Crazy Yiuf.
Crazy Yiuf is almost dead.
You feel very sick.
Crazy Yiuf zaps a wand.
The puff of flame misses you.
Crazy Yiuf zaps a wand.
The puff of flame hits you.
* * * LOW HITPOINT WARNING * * *
You barely miss Crazy Yiuf.
Crazy Yiuf is almost dead.
* * * LOW HITPOINT WARNING * * *
You feel sick.
Crazy Yiuf cries, "Goober broken fast!"
Crazy Yiuf hits you with a +2 quarterstaff of chaos!
You die...

>....#.####.# #.#
####.#......# #.#
#<#.######## #.# #.#.#
### ##.#.####
#..[....##♣♣♣♣♣
#........#.)♣)♣♣♣ ###
#...........)♣))♣#)))#
#...........♣♣♣♣@g)).#
##.#'##..#.♣♣ ♣♣#)))#
#.#.#####♣♣ ### ##.#.#
...#.# ####.# ###
...#.# #.# ##.#.# #.#
#.#.#########.#


You could see Crazy Yiuf.

Vanquished Creatures
  An adder (D:2)
  2 worms (D:2)
  2 dart slugs
  A bat (D:1)
  6 endoplasms
  A giant cockroach (D:1)
  A goblin (D:2)
  7 hobgoblins
  4 kobolds
  A quokka (D:2)
  5 ball pythons
  4 frilled lizards (D:1)
  7 rats
42 creatures vanquished.

Notes
Turn   | Place    | Note
-------+----------+-------------------------------------------
     0 | D:1      | gelatine the Demonspawn Fighter began the quest for the
                  | Orb.
     0 | D:1      | Reached XP level 1. HP: 18/18 MP: 1/1
   159 | D:1      | Gained mutation: You regenerate a little health from kills.
                  | [demonic ancestry]
   159 | D:1      | Reached XP level 2. HP: 19/24 MP: 2/2
   679 | D:1      | Reached XP level 3. HP: 29/29 MP: 3/3
  1075 | D:2      | Reached skill level 1 in Dodging
  1395 | D:2      | Found a runed translucent door.
  1396 | D:2      | Noticed Crazy Yiuf
  1762 | D:2      | Mangled by Crazy Yiuf

Illustrated notes

Levels and vault maps discovered:
D:1:      lightli_arrival_statuegarden, layout_loops_corners
D:2:      layout_basic, minmay_tetromino_s2, uniq_crazy_yiuf_cottage

Skill      XL: |  1  2  3 |
---------------+----------+-----
Axes           | 2 |  2.5
Armour         | 3 |  3.1
Shields        | 3 |  3.0
Dodging        | 1 |  1.3
Fighting       | |  3.2

Action                     || total
---------------------------++-------
  Melee: War axe           ||   127
    Use: Potion            ||     1
 Armour: Scale mail        ||    22
         Ring mail         ||    51
  Dodge: Dodged            ||    64
  Block: Buckler           ||    35

Table legend: (Time is in decaauts)
 A = Elapsed time spent in this place.
 B = Non-inter-level travel time spent in this place.
 C = Inter-level travel time spent in this place.
 D = Time resting spent in this place.
 E = Time spent auto-exploring this place.
 F = Levels seen in this place.
 G = Mean time per level.
                   A        B        C        D        E       F      G
               +--------+--------+--------+--------+--------+-----+--------+
         Total |   1816 |   1816 |      0 |      0 |   1412 |   2 |  908.0 |
       Dungeon |   1816 |   1816 |      0 |      0 |   1412 |   2 |  908.0 |
               +--------+--------+--------+--------+--------+-----+--------+

Top non-repeatable levels by time:
     D:1: 920 daAuts
     D:2: 895 daAuts
